 Dungeon Crawl Stone Soup version 0.32-a0-799-g95e1662365 (webtiles) character file.

Game seed: 11400911217372025768

166929 jasper the Warrior (level 17, -2/159 (189) HPs)
             Began as a White Draconian Shapeshifter on Mar 20, 2024.
             Was the Champion of Ru.
             Slain by a water elemental (11 damage)
             ... summoned by Ilsuiw
             ... on level 2 of the Shoals on Mar 21, 2024.
             The game lasted 00:59:58 (36217 turns).

jasper the Warrior (White Draconian Shapeshifter)  Turns: 36217, Time: 00:59:59

HP:   -2/159 (189)  AC: 30    Str: 23    XL:     17   Next: 30%
MP:   13/17         EV: 15    Int: 11    God:    Ru [******]
Gold: 524           SH:  0    Dex: 12    Spells: 10/16 levels left

rFire   + .          .
                       - Unarmed
rCold   + . .        (shield unavailable)
rNeg    + . .        (body armour unavailable)
rPois   ∞            O - +2 hat {Will+}
rElec   +            d - +2 cloak
rCorr   .            H - melded +0 pair of gloves "Huvuu" {Int-3 Slay+6 SInv}
SInv    .            r - melded +2 pair of boots {Stlth+}
Will    +++..        (no amulet)
Stlth   ++           (ring unavailable)
HPRegen 0.46/turn    Q - ring "Hilighoid" {rF+ Will+ Stlth+}
MPRegen 0.15/turn

%: inaccuracy (-5)
@: exhausted, statue-form, engulfed, studying Shields, heavily drained, very
slow
A: slow and powerful, torment resistance 1, boosted hp, (glacial breath), AC +9,
unfitting armour, cold resistance 1, cold-blooded, missing a hand, inability to
use devices, no conjurations magic, no earth magic, no hexes magic, missing an
eye
a: Begin Untransformation, Renounce Religion, Draw Out Power, Power Leap,
Apocalypse


You were on level 2 of the Shoals.
You worshipped Ru.
Ru was exalted by your worship.
You were a living statue of rough stone.
You visited 6 branches of the dungeon, and saw 28 of its levels.

You collected 2631 gold pieces.
You spent 2107 gold pieces at shops.

Inventory:

Missiles
 g - 28 poisoned darts
 k - 155 stones
 K - 2 curare-tipped darts
Armour
 d - a +2 cloak (worn)
 p - a +0 cloak of poison resistance
 r - a +2 pair of boots of stealth (melded)
 H - the +0 pair of gloves "Huvuu" (melded) {Int-3 Slay+6 SInv}
   (You found it on level 10 of the Dungeon)

   Int-3:     It affects your intelligence (-3).
   Slay+6:    It affects your accuracy & damage with ranged weapons and melee
   (+6).
   SInv:      It lets you see invisible.
 O - a +2 hat of willpower (worn)
 R - a scarf of resistance
Jewellery
 a - the amulet of Elemental Vulnerability {rPois rF-- rC-- AC+8}
   (You found it on level 11 of the Dungeon)

   [amulet of nothing]

   AC+8:      It affects your AC (+8).
   rF--:      It makes you very vulnerable to fire.
   rC--:      It makes you very vulnerable to cold.
   rPois:     It protects you from poison.
 q - a ring of ice
 s - a +6 ring of intelligence
 t - a ring of willpower
 x - a ring of ice
 J - a ring of magical power
 Q - the ring "Hilighoid" (right fist) {rF+ Will+ Stlth+}
   (You found it on level 1 of the Lair of Beasts)

   [ring of protection from fire]

   rF+:       It protects you from fire.
   Will+:     It increases your willpower.
   Stlth+:    It makes you more stealthy.
 U - a ring of fire
 V - a ring of resist corrosion
Talismans
 b - a beast talisman
 c - a flux talisman
 I - a maw talisman
 N - a blade talisman
 Z - a granite talisman (active)
Wands
 u - a wand of iceblast (9)
 z - a wand of charming (26)
Scrolls
 h - 18 scrolls of teleportation
 l - 3 scrolls of blinking
 v - 2 scrolls of brand weapon
 w - 3 scrolls of noise
 y - 2 scrolls of enchant armour
 A - 5 scrolls of fog
 B - a scroll of silence
 C - 2 scrolls of vulnerability
 E - 5 scrolls of revelation
 M - 10 scrolls of identify
 P - 2 scrolls of immolation
 W - a scroll of fear
 Y - a scroll of poison
Potions
 e - 2 potions of magic
 f - 8 potions of enlightenment
 i - 7 potions of haste
 j - a potion of resistance
 m - 13 potions of curing
 n - 6 potions of attraction
 o - 4 potions of mutation
 D - 6 potions of brilliance
 F - 4 potions of berserk rage
 G - 3 potions of ambrosia
 L - a potion of cancellation
 S - 4 potions of heal wounds
 T - 2 potions of might
 X - 2 potions of lignification


   Skills:
 - Level 20.0 Fighting
 - Level 10.0 Dodging
 - Level 18.7 Unarmed Combat
 + Level 14.5 Shapeshifting


You had 10 spell levels left.
You knew the following spells:

 Your Spells              Type           Power      Damage    Failure   Level
a - Passwall              Erth           0%         N/A       71%         3
b - Swiftness             Air            0%         N/A       71%         3

Your spell library contained the following spells:

 Spells                   Type           Power      Damage    Failure   Level
 Summon Small Mammal      Summ           0%         N/A       34%         1
 Mercury Vapours          Alch/Air       0%         N/A       47%         2
 Scorch                   Fire           0%         2d5       47%         2
 Call Canine Familiar     Summ           0%         N/A       71%         3
 Volatile Blastmotes      Fire/Tloc      0%         2d10      71%         3
 Olgreb's Toxic Radiance  Alch           0%         N/A       98%         4
 Passage of Golubria      Tloc           0%         N/A       98%         4
 Summon Blazeheart Golem  Fire/Summ      0%         N/A       98%         4
 Summon Cactus Giant      Summ           0%         N/A       100%        6
 Ignition                 Fire           0%         3d3       100%        8
 Kiss of Death            Conj/Necr      Unusable   2d5       N/A         1
 Sting                    Conj/Alch      Unusable   1d3       N/A         1
 Ensorcelled Hibernation  Hex/Ice        Unusable   N/A       N/A         2
 Sublimation of Blood     Necr           Unusable   N/A       N/A         2
 Inner Flame              Hex/Fire       Unusable   N/A       N/A         3
 Mephitic Cloud           Conj/Alch/Air  Unusable   N/A       N/A         3
 Stone Arrow              Conj/Erth      Unusable   3d7       N/A         3
 Animate Armour           Summ/Erth      Unusable   N/A       N/A         4
 Flame Wave               Conj/Fire      Unusable   2d4       N/A         4
 Fulminant Prism          Conj/Alch      Unusable   3d5       N/A         4
 Iskenderun's Mystic Bla  Conj/Tloc      Unusable   2d3       N/A         4
 Petrify                  Alch/Erth      Unusable   N/A       N/A         4
 Irradiate                Conj/Alch      Unusable   3d11      N/A         5
 Silence                  Hex/Air        Unusable   N/A       N/A         5
 Lehudib's Crystal Spear  Conj/Erth      Unusable   10d2      N/A         8

Dungeon Overview and Level Annotations

Branches:
Dungeon (15/15)            Temple (1/1) D:7            Lair (5/5) D:8
 Shoals (2/4) Lair:2        Snake (3/4) Lair:3        Slime (0/5) Lair:5
    Orc (2/2) D:10            Elf (0/3) Orc:2        Vaults (0/5) D:14
 Depths (0/4) D:15

Altars:
Ashenzari
Cheibriados
Dithmenos
Elyvilon
Fedhas
Gozag
Hepliaklqana
Kikubaaqudgha
Makhleb
Nemelex Xobeh
Okawaru
Qazlal
Ru
Sif Muna
Trog
Uskayaw
Vehumet
Wu Jian
Xom
Yredelemnul
Zin
The Shining One
Beogh
Jiyva

Shops:
D:5 (   D:6 [   D:10 [!*(   D:15 *   Orc:2 ([(**   Shoals:2 [   Snake:2 *(
Snake:3 ==

Annotations:
D:12 exclusion: orc wizard
D:13 4 transporters
Lair:3 exclusion: 2 oklob plants
Shoals:2 Ilsuiw; Mlioglotl
Snake:2 2 transporters, Veceraphext's ghost, adept CoAr


Innate Abilities, Weirdness & Mutations

You are a living statue of rough stone.
Your actions are slow, but your melee attacks are powerful.
You are resistant to unholy torment.
Your maximum health is increased.
Your equipment is partially melded.
((You can breathe waves of cold which freeze foes solid.))
((Your icy white scales are hard. (AC +9)))
You cannot fit into any form of body armour.
You are immune to poison.
Your flesh is cold resistant. (rC+)
You are cold-blooded and may be slowed by cold attacks.
You are missing a hand.
You cannot study or use magical devices.
You cannot study or cast Conjurations magic.
You cannot study or cast Earth magic.
You cannot study or cast Hexes magic.
You are missing an eye, making it more difficult to aim.


Message History

You regained 9 hp, and now have 37/159 hp.
The snapping turtle hisses angrily.
You pulverise the water elemental!!!
You destroy the water elemental!
The water elemental disappears in a puff of smoke!
The water engulfing you falls away.
You hear an angry hiss.
The merfolk siren barely misses you. The water elemental hits you.
The water elemental engulfs you in water!
The merfolk hits you but does no damage.
The wind drake begins to attack, but is stunned by your conviction!
The water elemental is stunned by your conviction and fails to attack.
A merfolk comes into view. It is wielding a +0 trident.
The merfolk attacks as it pursues you!
The merfolk hits you from afar with a +0 trident.
* * * LOW HITPOINT WARNING * * *
The water elemental closely misses you.
The merfolk siren attacks as it pursues you!
The merfolk siren hits you but does no damage.
The snapping turtle attacks as it pursues you!
The snapping turtle barely misses you.
The merfolk hits you from afar with a +0 trident!
* * * LOW HITPOINT WARNING * * *
The water elemental closely misses you.
The merfolk siren hits you but does no damage.
There is a stone staircase leading up here.
You take 15 damage, and have 23/159 hp.
The wind drake begins to attack, but is stunned by your conviction!
The water elemental completely misses you.
The snapping turtle bites you from afar.
* * * LOW HITPOINT WARNING * * *
The merfolk hits you from afar with a +0 trident.
* * * LOW HITPOINT WARNING * * *
You focus your inner power and slow the merfolk in retribution!
The merfolk hits you from afar with a +0 trident!
* * * LOW HITPOINT WARNING * * *
The merfolk siren hits you but does no damage.
The water elemental hits you!
You die...
Ru respects your ultimate sacrifice.

D~~......#
≈≈~~~...)#####
~~~≈~........# #
~~~~~≈..t....# .#
.~~~~≈....§§.#..#
..≈~~~§.§§§§....#
..~~~†§tmm...~.##
..~~≈§.§§E§.~~.)#
..†~~~§mEI§..~~..
.~~~~§§§§§..§~~~~
~~~~~~~§§~~~~~.~~
≈≈~~≈~~~§~~~~.(..
~≈~~~~~~~~~~.m...
~~~.~~~~~~~~.....
..~~~~~~k~~~.≈≈≈
.{~~~~~~~~~.≈∩.


You could see a snapping turtle, a wind drake (repels missiles, fleeing), 3
merfolk, 2 water elementals and a merfolk siren.

Vanquished Creatures
  Vashnia (Snake:2)
  Rupert (D:15)
  Gastronok (Lair:1)
  Frances (Shoals:1)
  A tengu reaver (D:14)
  Roxanne (Shoals:1)
  Agnes (D:14)
  A nagaraja (Snake:3)
  Donald (Snake:1)
  Louise (Snake:2)
  3 orc warlords
  The ghost of prad the Nimble, an adept SpCj of Vehumet (Snake:3)
  An ironbound preserver (D:14)
  The ghost of Huiwn the Crack Shot, a journeyman KoHu of Hepliaklqana (D:15)
  Snorg (D:13)
  A merfolk impaler (D:15)
  Josephine (D:11)
  4 hydras
  Fannar (Lair:3)
  An ogre mage (D:15)
  9 anacondas
  10 two-headed ogres
  A salamander tyrant (Snake:2)
  2 catoblepae
  3 boulder beetles
  7 centaur warriors
  A merfolk aquamancer (Shoals:2)
  12 death yaks
  A deep troll earth mage (D:15)
  2 orc high priests
  9 naga warriors
  8 naga sharpshooters
  A deep troll shaman (Lair:5)
  3 tengu warriors
  4 shock serpents
  A deep elf knight (D:15)
  Nergalle (Lair:3)
  Urug (Lair:5)
  Sonja (D:11)
  An occultist (D:14)
  2 skysharks
  2 salamander mystics (Snake:3)
  A sea snake (Shoals:1)
  6 mana vipers
  9 skeletal warriors
  2 arcanists
  2 deep elf archers (D:15)
  3 naga ritualists
  A deep elf pyromancer (D:12)
  2 orc knights
  6 orc sorcerers
  2 obsidian bats (Orc:2)
  6 fauns (Shoals:1)
  7 cyclopes
  6 manticores
  11 ugly things
  11 salamanders
  A guardian serpent (Snake:3)
  7 kobold blastminers (Orc:2)
  3 meliai (D:14)
  5 merfolk sirens
  A water nymph (Shoals:1)
  16 elephants (Lair:5)
  2 black mambas (shapeshifter) (D:14)
  4 naga magi
  23 black mambas
  A torpor snail (Lair:2)
  8 cane toads
  A cane toad (shapeshifter) (D:15)
  2 freezing wraiths
  An unseen horror (D:12)
  3 rime drakes
  3 tengu conjurers
  An efreet (D:14)
  3 gargoyles
  7 yaktaurs (D:15)
  4 komodo dragons
  9 trolls
  5 merfolk
  3 wind drakes
  2 polar bears
  11 blink frogs (Lair:4)
  A snapping turtle (Shoals:1)
  4 dream sheep (Shoals:1)
  A spriggan (D:7)
  13 slime creatures
  4 shadows
  A centaur simulacrum (D:14)
  5 water elementals
  A vampire (D:14)
  65 yaks
  2 wyverns
  6 wraiths
  4 basilisks
  4 wargs (Orc:2)
  A redback (shapeshifter) (D:15)
  2 swamp worms (Lair:1)
  Grum (D:11)
  9 vampire mosquitoes
  4 steam dragons
  14 nagas
  An acid dragon (D:13)
  19 water moccasins
  Duvessa (D:7)
  An ice beast (D:7)
  8 black bears
  A sky beast (D:6)
  2 laughing skulls (D:14)
  32 orc warriors
  7 ogres
  13 centaurs
  22 wolves
  A kobold brigand (D:9)
  13 bullfrogs
  3 scorpions
  7 wights
  Dowan (D:7)
  13 killer bees
  5 howler monkeys
  2 bombardier beetles (D:5)
  17 orc priests
  A sleepcap (D:5)
  Natasha (thrice) (D:2)
  An iguana (D:6)
  20 orc wizards
  3 gnolls (D:6)
  5 adders
  2 ufetubi (D:5)
  A ribbon worm (D:2)
  2 dart slugs
  74 orcs
  4 ball pythons
  5 endoplasms
  4 giant cockroaches
  6 hobgoblins
  2 jackals (D:2)
  5 kobolds
  5 quokkas
  2 bats
  2 frilled lizards
  7 goblins
  5 rats
778 creatures vanquished.

Vanquished Creatures (others)
  A merfolk impaler (D:15)
  An anaconda (Snake:3)
  A sea snake (Shoals:1)
  A troll (Orc:2)
  An orc warrior (Orc:2)
  A human (D:9)
  2 ogres (Orc:2)
  A centaur (D:15)
  An orc priest (Orc:2)
  An orc wizard (D:7)
  An orc (Orc:1)
12 creatures vanquished.

Grand Total: 790 creatures vanquished

Notes
Turn   | Place    | Note
-------+----------+-------------------------------------------
     0 | D:1      | jasper the Draconian Shapeshifter began the quest for the
                  | Orb.
     0 | D:1      | Reached XP level 1. HP: 16/16 MP: 1/1
   167 | D:1      | Reached XP level 2. HP: 21/23 MP: 2/2
   383 | D:1      | Found a faded altar of an unknown god.
   388 | D:1      | Prayed at the altar of an unknown god.
   388 | D:1      | Became a worshipper of the Shining One
   388 | D:1      | Reached * piety under the Shining One
   478 | D:1      | Fell from the grace of the Shining One
  1193 | D:2      | Reached XP level 3. HP: 28/28 MP: 3/3
  1300 | D:2      | Upgraded the game from 0.32-a0-791-gfc315c9ecd to
                  | 0.32-a0-799-g95e1662365
  1346 | D:2      | Noticed Natasha
  1371 | D:2      | Killed Natasha
  1372 | D:2      | Reached XP level 4. HP: 24/35 MP: 4/4
  1694 | D:2      | Noticed Natasha
  1709 | D:2      | Killed Natasha
  1710 | D:2      | Reached skill level 5 in Shapeshifting
  1769 | D:2      | Noticed Natasha
  1781 | D:2      | Killed Natasha
  2052 | D:3      | Reached XP level 5. HP: 40/40 MP: 5/5
  2750 | D:4      | Found an ornate altar of the Wu Jian Council.
  3678 | D:5      | Entered Level 5 of the Dungeon
  4213 | D:5      | Found Xovveug's Antique Weapon Boutique.
  4269 | D:5      | Reached XP level 6. HP: 45/47 MP: 6/6
  5274 | D:6      | Reached skill level 2 in Fighting
  5274 | D:6      | Your scales start taking on an icy white colour.
  5274 | D:6      | Reached XP level 7. HP: 49/56 MP: 7/7
  5274 | D:6      | Gained mutation: Your flesh is cold resistant. (rC+) [White
                  | Draconian growth]
  5444 | D:6      | Reached skill level 3 in Fighting
  5704 | D:6      | Found Besiyhest's Antique Armour Shoppe.
  5707 | D:6      | Bought a runed hat for 140 gold pieces
  5831 | D:7      | Noticed Dowan
  5833 | D:7      | Noticed Duvessa
  5843 | D:7      | Killed Dowan
  5850 | D:7      | Killed Duvessa
  5851 | D:7      | Reached skill level 4 in Fighting
  6099 | D:7      | Reached skill level 5 in Unarmed Combat
  6164 | D:7      | Reached XP level 8. HP: 62/67 MP: 8/8
  6312 | D:7      | Got the Directory of Vitriolic Iniquitous Secrets
  6380 | D:7      | Reached skill level 5 in Fighting
  6429 | D:7      | Found a broken altar of Ashenzari.
  6670 | D:7      | Found a staircase to the Ecumenical Temple.
  6708 | Temple   | Entered the Ecumenical Temple
  6717 | Temple   | Became a worshipper of Ru the Awakened
  6844 | D:7      | Reached skill level 6 in Fighting
  7095 | D:8      | Reached skill level 7 in Fighting
  7203 | D:8      | Reached XP level 9. HP: 76/79 MP: 9/9
  7401 | D:8      | Reached skill level 8 in Fighting
  7458 | D:8      | Found a staircase to the Lair.
  7963 | D:8      | Reached skill level 9 in Fighting
  8312 | D:7      | Gained mutation: You cannot study or use magical devices.
                  | [Ru sacrifice]
  8312 | D:7      | Reached * piety under Ru
  8312 | D:7      | Reached ** piety under Ru
  8581 | D:9      | Reached XP level 10. HP: 86/93 MP: 10/10
  8584 | D:9      | Reached skill level 10 in Fighting
  8736 | D:9      | Reached skill level 10 in Unarmed Combat
  8816 | D:9      | Found a shimmering altar of Xom.
  8839 | D:9      | Found a blossoming altar of Fedhas.
  8860 | D:9      | Identified the +1 robe of Levity {Int+2}
  8862 | D:9      | Identified the +1 rapier of Circularity {spect, rC+}
  9137 | D:9      | Found an ancient bone altar of Kikubaaqudgha.
  9213 | D:10     | Entered Level 10 of the Dungeon
  9229 | D:10     | Found Omejiach's Distillery.
  9273 | D:10     | Bought a potion of heal wounds for 70 gold pieces
  9273 | D:10     | Bought a potion of curing for 42 gold pieces
  9273 | D:10     | Bought 2 potions of curing for 84 gold pieces
  9273 | D:10     | Bought a potion of ambrosia for 112 gold pieces
  9273 | D:10     | Bought a potion of berserk rage for 70 gold pieces
  9323 | D:10     | Found Jeot's Armour Shop.
  9325 | D:10     | Identified the +0 pair of gloves "Huvuu" {Int-3 Slay+6
                  | SInv}
  9372 | D:10     | Noticed a two-headed ogre
  9397 | D:10     | Killed a two-headed ogre
  9398 | D:10     | Reached skill level 11 in Fighting
  9463 | D:10     | Found Jiceuff's Weapon Shoppe.
  9506 | D:10     | Found a shadowy altar of Dithmenos.
  9664 | D:10     | Found a staircase to the Orcish Mines.
  9704 | D:10     | Found Hoanoihumm's General Store.
  9801 | D:10     | Noticed a gargoyle
  9808 | D:10     | Killed a gargoyle
  9990 | D:11     | Noticed a cyclops
 10002 | D:11     | Killed a cyclops
 10097 | D:11     | Noticed Sonja
 10104 | D:11     | Killed Sonja
 10105 | D:11     | Reached skill level 12 in Fighting
 10105 | D:11     | Reached XP level 11. HP: 92/104 MP: 11/11
 10192 | D:11     | Noticed a two-headed ogre
 10201 | D:11     | Killed a two-headed ogre
 10305 | D:11     | Noticed a two-headed ogre
 10333 | D:11     | Killed a two-headed ogre
 10637 | D:11     | Noticed Grum
 10648 | D:11     | Killed Grum
 10654 | D:11     | Reached skill level 13 in Fighting
 10666 | D:11     | Gained mutation: You are missing a hand. [Ru sacrifice]
 10666 | D:11     | Reached *** piety under Ru
 10666 | D:11     | Reached **** piety under Ru
 10666 | D:11     | Reached ***** piety under Ru
 10691 | D:11     | Noticed Josephine
 10701 | D:11     | Killed Josephine
 10876 | D:11     | Found the amulet of Elemental Vulnerability {rPois rF--
                  | rC-- AC+8}
 11733 | D:12     | Reached skill level 14 in Fighting
 11805 | D:12     | Reached XP level 12. HP: 108/117 MP: 12/12
 12130 | D:12     | Noticed a two-headed ogre
 12136 | D:12     | Killed a two-headed ogre
 12600 | Lair:1   | Entered Level 1 of the Lair of Beasts
 13078 | Lair:1   | Noticed Gastronok
 13103 | Lair:1   | Killed Gastronok
 13104 | Lair:1   | Reached skill level 15 in Fighting
 13317 | Lair:1   | Identified the ring "Hilighoid" {rF+ Will+ Stlth+}
 13573 | Lair:2   | Identified the +1 rapier of Ebott {freeze, Fly Dex+3}
 13726 | Lair:2   | Learned a level 3 spell: Passwall
 13730 | Lair:2   | Learned a level 3 spell: Swiftness
 13929 | Lair:2   | Found a staircase to the Shoals.
 14338 | Lair:2   | Noticed a catoblepas
 14359 | Lair:2   | Killed a catoblepas
 14379 | Lair:2   | Reached skill level 15 in Unarmed Combat
 14780 | Lair:3   | Found an iron altar of Okawaru.
 14784 | Lair:3   | Noticed Nergalle
 14792 | Lair:3   | Killed Nergalle
 14793 | Lair:3   | Reached skill level 16 in Fighting
 14908 | Lair:3   | Reached XP level 13. HP: 113/128 MP: 13/13
 15012 | Lair:3   | Found a staircase to the Snake Pit.
 15191 | Lair:3   | Noticed Fannar
 15212 | Lair:3   | Killed Fannar
 15513 | Lair:3   | Found a blossoming altar of Fedhas.
 15743 | Lair:4   | Reached skill level 5 in Dodging
 16640 | Lair:5   | Entered Level 5 of the Lair of Beasts
 17051 | Lair:4   | Gained mutation: You cannot study or cast Earth magic. [Ru
                  | sacrifice]
 17051 | Lair:4   | Gained mutation: You cannot study or cast Hexes magic. [Ru
                  | sacrifice]
 17051 | Lair:4   | Gained mutation: You cannot study or cast Conjurations
                  | magic. [Ru sacrifice]
 17368 | Lair:5   | Reached skill level 10 in Dodging
 17475 | Lair:5   | Reached XP level 14. HP: 89/127 MP: 8/14
 18168 | Lair:5   | Reached skill level 10 in Shapeshifting
 18277 | Lair:5   | Identified the staff of Indomitability {+Blink rN+ Str+3
                  | Necro Fire}
 18364 | Lair:5   | Found a viscous altar of Jiyva.
 18365 | Lair:5   | Found a staircase to the Slime Pits.
 18367 | Lair:5   | Noticed Urug
 18375 | Lair:5   | Killed Urug
 18671 | Orc:1    | Entered Level 1 of the Orcish Mines
 19228 | Orc:2    | Entered Level 2 of the Orcish Mines
 19328 | Orc:2    | Noticed an orc warlord
 19341 | Orc:1    | Gained mutation: You are missing an eye, making it more
                  | difficult to aim. [Ru sacrifice]
 19341 | Orc:1    | Reached ****** piety under Ru
 19465 | Orc:1    | Killed an orc warlord
 19705 | Orc:2    | Noticed an orc warlord
 19735 | Orc:2    | Killed an orc warlord
 19963 | Orc:2    | Found a staircase to the Elven Halls.
 20076 | Orc:2    | Found a roughly hewn altar of Beogh.
 20076 | Orc:2    | Found Neh Kach's Assorted Antiques.
 20160 | Orc:2    | Bought a scroll of blinking for 187 gold pieces
 20160 | Orc:2    | Bought a potion of curing for 75 gold pieces
 20160 | Orc:2    | Bought a scroll of enchant armour for 187 gold pieces
 20160 | Orc:2    | Bought a scroll of immolation for 100 gold pieces
 20204 | Orc:2    | Found a roughly hewn altar of Beogh.
 20217 | Orc:2    | Found Qiguyh's Assorted Antiques.
 20231 | Orc:2    | Bought a potion of heal wounds for 160 gold pieces
 20231 | Orc:2    | Bought a scroll of identify for 64 gold pieces
 20231 | Orc:2    | Bought a potion of might for 128 gold pieces
 20231 | Orc:2    | Bought a potion of berserk rage for 160 gold pieces
 20231 | Orc:2    | Bought a potion of lignification for 96 gold pieces
 20292 | Orc:2    | Found a roughly hewn altar of Beogh.
 20597 | Orc:2    | Found Ysyeg's Weapon Shop.
 20653 | Orc:2    | Noticed an orc warlord
 20668 | Orc:2    | Killed an orc warlord
 21201 | Orc:2    | Found a roughly hewn altar of Beogh.
 21684 | Orc:2    | Found Funu's Antique Weapon Emporium.
 21687 | Orc:2    | Found a roughly hewn altar of Beogh.
 21687 | Orc:2    | Found Omen's Antique Armour Shoppe.
 22068 | D:12     | Reached XP level 15. HP: 129/144 MP: 15/15
 22953 | D:13     | Found a transporter.
 22957 | D:13     | Found a transporter.
 23223 | D:13     | Identified the +4 long sword of the Lame Duck {heavy, rF+
                  | Int+3}
 23232 | D:13     | You fall into a shaft and drop 2 floors!
 23232 | D:15     | Entered Level 15 of the Dungeon
 23538 | D:14     | Noticed Agnes
 23541 | D:14     | Killed Agnes
 23888 | D:13     | Noticed Snorg
 23898 | D:13     | Killed Snorg
 24650 | D:13     | Found a transporter.
 24682 | D:13     | Found a transporter.
 25192 | D:14     | Found a gate to the Vaults.
 25622 | D:14     | Noticed a tengu reaver
 25633 | D:14     | Killed a tengu reaver
 25747 | D:14     | Found the sphere of Battle
 26068 | D:14     | Reached skill level 17 in Fighting
 27321 | D:15     | Found a staircase to the Depths.
 27373 | D:15     | Found Emmioxol's Assorted Antiques.
 27382 | D:15     | Bought a scroll of teleportation for 96 gold pieces
 27382 | D:15     | Bought a potion of curing for 96 gold pieces
 27382 | D:15     | Bought a scroll of revelation for 240 gold pieces
 27411 | D:15     | Found a runed translucent gate.
 27411 | D:15     | Found a runed translucent gate.
 27411 | D:15     | Found a runed translucent gate.
 27412 | D:15     | Noticed Huiwn's ghost (journeyman KoHu)
 27437 | D:15     | Noticed Rupert
 27446 | D:15     | Killed Rupert
 27447 | D:15     | Reached XP level 16. HP: 123/155 MP: 10/16
 27678 | D:15     | Found an iron altar of Okawaru.
 27683 | D:15     | Killed Huiwn's ghost
 27697 | D:15     | Reached skill level 18 in Fighting
 28069 | Snake:1  | Entered Level 1 of the Snake Pit
 28658 | Snake:1  | You fall into a shaft and drop 1 floor!
 28915 | Snake:2  | Found a transporter.
 28915 | Snake:2  | Noticed Veceraphext's ghost (adept CoAr)
 29549 | Snake:2  | Found a transporter.
 29570 | Snake:1  | Noticed Donald
 29707 | Snake:1  | Killed Donald
 30506 | Snake:2  | Found Haolumoczo's Gadget Gallery.
 31141 | Snake:2  | Noticed Vashnia
 31151 | Snake:2  | Killed Vashnia
 31152 | Snake:2  | Reached skill level 19 in Fighting
 31413 | Snake:2  | Identified the +0 tower shield of the Gusle {Regen+ Int+3}
 31413 | Snake:2  | Noticed Louise
 31425 | Snake:2  | Killed Louise
 31791 | Snake:2  | Found Ofomu's Weapon Shoppe.
 32280 | Snake:3  | Identified the +4 battleaxe "Zoraijon" {flame, rElec}
 32702 | Snake:3  | HP: 6/143 [anaconda (11)]
 32702 | Snake:3  | HP: 2/143 [constriction (4)]
 33435 | Snake:3  | Found a large runed translucent door.
 33435 | Snake:3  | Found a large runed translucent door.
 33436 | Snake:3  | Noticed prad's ghost (adept SpCj)
 33674 | Snake:3  | Found Joudeuv's Book Shoppe.
 33674 | Snake:3  | Found Ydoikefos's Jewellery Boutique.
 33675 | Snake:3  | Found Yxzech's Jewellery Boutique.
 33978 | Snake:3  | Reached XP level 17. HP: 157/158 MP: 17/17
 34563 | Snake:3  | Killed prad's ghost
 34568 | Snake:3  | Identified the +0 plate armour "Biehiukh" {Regen+ Str+4}
 34652 | Shoals:1 | Entered Level 1 of the Shoals
 35043 | Shoals:1 | Noticed Frances
 35055 | Shoals:1 | Killed Frances
 35146 | Shoals:1 | Noticed Roxanne
 35166 | Shoals:1 | Killed Roxanne
 35172 | Shoals:1 | Reached skill level 20 in Fighting
 36180 | Shoals:2 | Found Tynuf's Armour Shoppe.
 36194 | Shoals:2 | Noticed Ilsuiw
 36204 | Shoals:2 | Noticed Mlioglotl
 36217 | Shoals:2 | Slain by a water elemental

Illustrated notes

Levels and vault maps discovered:
D:1:      lightli_arrival_farm, layout_basic,
          hellmonk_ecumenical_altar_heavens_door
D:2:      layout_loops_ring, kennysheep_big_empty_room, feat_on_display,
          uniq_natasha
D:3:      layout_loops_ring, chequers_decorated_corner
D:4:      layout_loops_corners, nicolae_wu_jian_wuxing_cycle
D:5:      layout_cave_pools, serial_shops, shop, serial_library,
          serial_library_hellmonk_layered_room,
          serial_library_regret_index_small_wings,
          serial_library_hellmonk_narrow_alcove,
          serial_library_hellmonk_small_corner,
          serial_library_hellmonk_long_bookcase,
          serial_library_hellmonk_reading_circle,
          serial_library_hellmonk_filled_rooms, serial_library_hellmonk_u_bend
D:6:      layout_cave_pools, serial_shops, kennysheep_mini
D:7:      layout_loops_ring, nicolae_ashenzari_skybound,
          minmay_temple_entry_antechambers, the_hattery, uniq_duvessa
D:8:      layout_gridville, due_lair_maze_entry_diamond
D:9:      layout_cave_pools, tgw_kikubaaqudgha,
          mainiacjoe_overflow_large_starburst
D:10:     layout_long_grid, kennysheep_mini_moat, orc_0_dummy, serial_shops,
          shop, nicolae_shop_stone, shop, shop_statue
D:11:     layout_loops_ring, grunt_potential, uniq_sonja, uniq_grum,
          uniq_josephine
D:12:     layout_loops_cross, tgw_sif
D:13:     layout_stronghold, nicolae_transporter_circle, uniq_snorg
D:14:     cheibrodos_wizards_tower, layout_gridville,
          skrybe_vaults_entry_preservation, minmay_misc_feat_cross,
          hellmonk_guarded_unrand_sphere_of_battle, uniq_agnes
D:15:     hellmonk_depths_entry_around_the_bend, layout_cave_pools,
          gammafunk_ghost_fury_of_okawaru, serial_shops,
          nicolae_shop_dealshenge, uniq_rupert
Temple:   eino_temple_scatter_basement
Lair:1:   layout_chaotic_city, worms_lemuel, uniq_gastronok
Lair:2:   layout_regular_city, elwin_shoals_entry_rocks
Lair:3:   layout_misc_corridors, minmay_snake_entry_guardpost_small,
          basic_altar, hangedman_tree_tricks, infiniplex_staircase_pool,
          uniq_fannar, uniq_nergalle
Lair:4:   layout_concentric_octagons
Lair:5:   grunt_lair_end_beastmaster, layout_hall_layers, slime_entry_1,
          uniq_urug
Shoals:1: layout_shoals, uniq_roxanne, uniq_frances
Shoals:2: layout_shoals, serial_shops, nicolae_shop_tiny_waterfront,
          nicolae_shoals_drake_roost, uniq_mlioglotl, uniq_ilsuiw
Snake:1:  layout_onion_interference, uniq_donald
Snake:2:  layout_chambers, gammafunk_ghost_arena, serial_shops,
          nicolae_shop_real_fake_doors, nicolae_shop_gadgets, uniq_louise,
          uniq_vashnia
Snake:3:  layout_layer_cave, ebering_ghost_disaster_area,
          nicolae_snake_lava_pool, minmay_shop_grove, grunt_megastairs_1
Orc:1:    layout_diamond_mine
Orc:2:    grunt_orc_community_town_hall, layout_caves,
          grunt_orc_community_big_house_1, grunt_orc_community_big_house_2,
          grunt_orc_community_house_1, grunt_orc_community_house_2,
          grunt_orc_community_house_1, grunt_orc_community_house_2,
          grunt_orc_community_house_1, serial_shops, shop

Skill      XL: |  1  2  3  4  5  6  7  8  9 10 11 12 13 14 15 16 17 |
---------------+----------------------------------------------------+-----
Shapeshifting  | 4 5 6 7 8 13 14 | 14.5
Fighting       | 2 4 7 9 12 14 16 17 19 20 | 20.0
Unarmed Combat | 5 7 9 11 13 15 16 18 | 18.7
Dodging        | 3 10 | 10.0

Action                     |  1- 3 |  4- 6 |  7- 9 | 10-12 | 13-15 | 16-18 || total
---------------------------+-------+-------+-------+-------+-------+-------++-------
  Melee: Unarmed           |    73 |   179 |   203 |   505 |  1213 |   523 ||  2696
         Punch             |     4 |     1 |       |       |       |       ||     5
         Tailslap          |     8 |    22 |    39 |   107 |   254 |    72 ||   502
  Throw: Stone             |     3 |       |       |       |       |       ||     3
         Dart              |     4 |     2 |       |       |       |       ||     6
 Invoke: Renounce Religion |     1 |       |       |       |       |       ||     1
         Sacrifice Artific |       |       |     1 |       |       |       ||     1
         Sacrifice a Hand  |       |       |       |     1 |       |       ||     1
         Reject Sacrifices |       |       |       |     1 |       |       ||     1
         Apocalypse        |       |       |       |       |     8 |     7 ||    15
         Sacrifice Arcana  |       |       |       |       |     1 |       ||     1
         Power Leap        |       |       |       |       |     5 |     4 ||     9
         Sacrifice an Eye  |       |       |       |       |     1 |       ||     1
         Draw Out Power    |       |       |       |       |     1 |       ||     1
Ability: Glacial Breath    |       |       |     8 |    14 |    16 |     8 ||    46
    Use: Scroll            |     5 |     6 |     4 |    10 |     5 |     4 ||    34
         Potion            |       |     3 |       |     2 |       |     2 ||     7
   Stab: Invisible         |       |       |       |     4 |    11 |     4 ||    19
         Distracted        |       |       |       |     1 |     6 |     1 ||     8
         Paralysed         |       |       |       |       |    23 |    16 ||    39
         Sleeping          |       |       |       |       |       |     4 ||     4
 Armour: Skin              |    34 |   189 |   191 |   255 |   634 |   500 ||  1803
  Dodge: Dodged            |    33 |   107 |   184 |   270 |   873 |   297 ||  1764
   Form: Flux              |       |     1 |       |       |     1 |       ||     2
         Blade             |       |       |       |       |     1 |     1 ||     2
         Statue            |       |       |       |       |       |     1 ||     1

Table legend: (Time is in decaauts)
 A = Elapsed time spent in this place.
 B = Non-inter-level travel time spent in this place.
 C = Inter-level travel time spent in this place.
 D = Time resting spent in this place.
 E = Time spent auto-exploring this place.
 F = Levels seen in this place.
 G = Mean time per level.
                   A        B        C        D        E       F      G
               +--------+--------+--------+--------+--------+-----+--------+
         Total |  36142 |  34744 |   1398 |   5048 |  24316 |  28 | 1290.8 |
       Dungeon |  18920 |  18082 |    838 |   3072 |  12354 |  15 | 1261.3 |
        Temple |     18 |      2 |     16 |      0 |      0 |   1 |   18.0 |
          Lair |   6402 |   6053 |    349 |    703 |   4388 |   5 | 1280.4 |
        Shoals |   1926 |   1905 |     21 |    250 |   1209 |   2 |  963.0 |
     Snake Pit |   6148 |   6063 |     85 |    740 |   4581 |   3 | 2049.3 |
  Orcish Mines |   2725 |   2637 |     88 |    282 |   1783 |   2 | 1362.5 |
               +--------+--------+--------+--------+--------+-----+--------+

Top non-repeatable levels by time:
 Snake:2: 2663 daAuts
    D:14: 2420 daAuts
 Snake:3: 2403 daAuts
   Orc:2: 2012 daAuts
Shoals:1: 1883 daAuts
    D:13: 1744 daAuts
    D:11: 1675 daAuts
  Lair:5: 1547 daAuts
    D:12: 1534 daAuts
     D:5: 1503 daAuts
     D:7: 1376 daAuts
  Lair:2: 1342 daAuts
     D:8: 1314 daAuts
  Lair:3: 1282 daAuts
  Lair:4: 1216 daAuts
